 Dungeon Crawl Stone Soup version 0.24-a0-106-gcea5463b43 (webtiles) character file.

Game seed: 3380250668400147596

1239 Hercules1031 the Skirmisher (level 8, -6/71 HPs)
             Began as a Hill Orc Fighter on Feb 12, 2019.
             Was an Initiate of Beogh.
             Mangled by an ogre
             ... wielding a +0 giant club
              (14 damage)
             ... on level 6 of the Dungeon.
             The game lasted 00:11:46 (4151 turns).

Hercules1031 the Skirmisher (Hill Orc Fighter)      Turns: 4151, Time: 00:11:47

Health: -6/71      AC: 15    Str: 21    XL:     8   Next: 49%
Magic:  17/17      EV:  5    Int:  8    God:    Beogh [......]
Gold:   334        SH: 10    Dex: 10    Spells: 7/7 levels left

rFire    . . .     SeeInvis .   a - +0 war axe
rCold    . . .     Gourm    .   c - +0 shield
rNeg     . . .     Faith    .   n - +0 plate armour
rPois    .         Spirit   .   (no helmet)
rElec    .         Reflect  .   k - +2 cloak
rCorr    .         Harm     .   (no gloves)
MR       .....                  (no boots)
Stlth    ..........             s - amulet of magic regeneration
HPRegen  0.21/turn              l - ring of magical power
MPRegen  0.40/turn              (no ring)

@: no status effects
A: no striking features
a: Renounce Religion


You were on level 6 of the Dungeon.
You worshipped Beogh.
Beogh was noncommittal.
You were full.

You visited 1 branch of the dungeon, and saw 6 of its levels.

You collected 334 gold pieces.

Inventory:

Hand Weapons
 a - a +0 war axe (weapon)
 t - a +2 dagger of freezing
 v - a +0 vampiric dagger
Armour
 b - a +0 scale mail
 c - a +0 shield (worn)
 h - a -2 helmet
 k - a +2 cloak (worn)
 m - a scarf of resistance
 n - a +0 plate armour (worn)
Jewellery
 e - an uncursed ring of wizardry
 l - a ring of magical power (left hand)
 s - an amulet of magic regeneration (around neck)
 x - an uncursed ring of wizardry
Wands
 d - a wand of digging (3)
Scrolls
 g - 7 scrolls of identify
 i - 2 scrolls of amnesia
 o - a scroll of teleportation
Potions
 j - 2 potions of curing
 p - a potion of haste {unknown}
 q - 2 potions of ambrosia {unknown}
 r - a potion of might
 u - a potion of magic {unknown}
 w - a potion of agility {unknown}
Comestibles
 f - 4 rations


   Skills:
 + Level 6.4 Fighting
 + Level 6.4 Axes
 + Level 5.9 Armour
 + Level 3.4 Dodging
 + Level 5.8 Shields


You had 7 spell levels left.
You didn't know any spells.
Your spell library was empty.

Dungeon Overview and Level Annotations

Branches:
Dungeon (6/15)             Temple (0/1) D:5

Altars:
Dithmenos
Gozag
Okawaru
Sif Muna
Vehumet
Wu Jian
Yredelemnul
The Shining One

Shops:
D:5 (


Message History

You closely miss the adder.
An orc comes into view. It is wielding a +0 trident.
The adder bites you but does no damage.
An orc comes into view.
The ogre hits you with a +0 giant club! You block the adder's attack.
The orc moves out of view.
An orc warrior comes into view. It is wielding a +0 mace.
You barely miss the ogre. You closely miss the adder.
The orc warrior shouts!
The centaur wields a +0 shortbow.
The centaur shoots an arrow.
You block the arrow.
A scorpion comes into view.
The ogre hits you with a +0 giant club!!
* * * LOW HITPOINT WARNING * * *
You block the adder's attack.
The centaur shoots an arrow.
The arrow hits you!
* * * LOW HITPOINT WARNING * * *
You feel better. The adder bites you but does no damage.
The centaur shoots an arrow.
The arrow barely misses you. The ogre hits you with a +0 giant club!
You die... .... .. ... ... ... . so..

.. .. o.o.##. ...
#..o.c####[... #..
#..oS........ ...
#O@.# ... ##..# ...
###.(# ##.###....##
. #..........#
...##.##...#......#
#.........##...#....
#....##..###........
#...#..## .........


You could see an orc warrior, an ogre, a centaur, a scorpion, an adder and 4
orcs.

Vanquished Creatures
  Grinder (D:3)
  Sigmund (D:3)
  An ogre (D:6)
  3 centaurs
  A scorpion (D:4)
  A howler monkey (D:5)
  A crimson imp (D:6)
  A quasit (D:3)
  A bullfrog zombie (D:5)
  A bullfrog skeleton (D:4)
  An orc wizard (D:4)
  An iguana (D:5)
  2 worker ants
  A killer bee zombie (D:5)
  5 gnolls
  6 adders
  A shadow imp (D:3)
  An ooze (D:2)
  A worm (D:5)
  4 leopard geckos
  10 orcs
  2 giant cockroaches
  11 goblins
  11 hobgoblins
  13 jackals
  11 kobolds
  4 quokkas
  A ball python (D:1)
  A ball python skeleton (D:5)
  6 bats
  5 frilled lizards
  2 quokka skeletons (D:5)
  5 rats
117 creatures vanquished.

Vanquished Creatures (others)
  2 orc priests (D:5)
  An orc wizard (D:5)
  A worker ant (D:5)
  A shadow imp (D:5)
  An orc (D:5)
  A quokka (D:5)
7 creatures vanquished.

Grand Total: 124 creatures vanquished

Notes
Turn   | Place    | Note
-------+----------+-------------------------------------------
     0 | D:1      | Hercules1031 the Hill Orc Fighter began the quest for the
                  | Orb.
     0 | D:1      | Reached XP level 1. HP: 19/19 MP: 1/1
    29 | D:1      | Reached XP level 2. HP: 18/27 MP: 2/2
   279 | D:1      | Reached XP level 3. HP: 31/33 MP: 3/3
   877 | D:2      | Found a faded altar of an unknown god.
   891 | D:2      | Reached skill level 1 in Dodging
   938 | D:2      | Reached XP level 4. HP: 33/40 MP: 4/4
  2023 | D:3      | Reached XP level 5. HP: 29/47 MP: 5/5
  2175 | D:3      | Noticed Grinder
  2180 | D:3      | Paralysed by Grinder for 6 turns
  2195 | D:3      | Paralysed by Grinder for 2 turns
  2198 | D:3      | Killed Grinder
  2198 | D:3      | Reached skill level 5 in Fighting
  2198 | D:3      | Reached XP level 6. HP: 25/56 MP: 6/6
  2253 | D:3      | Noticed Sigmund
  2272 | D:3      | Killed Sigmund
  2272 | D:3      | Reached XP level 7. HP: 38/61 MP: 7/7
  2389 | D:3      | Reached skill level 5 in Axes
  2479 | D:3      | Found a glowing golden altar of the Shining One.
  2685 | D:4      | Reached skill level 5 in Armour
  2685 | D:4      | Reached skill level 5 in Shields
  2787 | D:4      | Found a shadowy altar of Dithmenos.
  2991 | D:4      | Found a deep blue altar of Sif Muna.
  2991 | D:4      | Found an iron altar of Okawaru.
  3274 | D:5      | Entered Level 5 of the Dungeon
  3293 | D:5      | Found a basalt altar of Yredelemnul.
  3384 | D:5      | Became a worshipper of Beogh the Brigand
  3424 | D:5      | Reached XP level 8. HP: 54/70 MP: 8/8
  3521 | D:5      | Found Kikho's Antique Weapon Shoppe.
  3667 | D:5      | Found an opulent altar of Gozag.
  3795 | D:5      | Found a staircase to the Ecumenical Temple.
  3988 | D:5      | Found an ornate altar of the Wu Jian Council.
  4088 | D:6      | Found a radiant altar of Vehumet.
  4150 | D:6      | HP: 3/71 [centaur/arrow (11)]
  4151 | D:6      | Mangled by an ogre

Levels and vault maps discovered:
D:1:      kennysheep_arrival_forest, layout_basic
D:2:      layout_basic, chequers_ecumenical_altar_island, first_ration
D:3:      minmay_chambers_of_twos, layout_rooms, tso_altar, uniq_grinder,
          uniq_sigmund
D:4:      layout_basic, nicolae_dithmenos_through_a_glass_darkly,
          gammafunk_temple_overflow_wave
D:5:      corexii_shack_village, layout_cave_pools,
          lemuel_coloured_pillars_altar, marbit_many_paths,
          yredelemnul_altar_generic, minmay_temple_entry_mini_moons,
          serial_shops, nicolae_shop_crystal, minmay_increasing_density
D:6:      layout_cave_pools, vehumet_crystals

Skill      XL: |  1  2  3  4  5  6  7  8 |
---------------+-------------------------+-----
Axes           | 3 4 5 6 |  6.4
Fighting       | 4 5 6 |  6.4
Dodging        | 1 2 3 |  3.4
Armour         | 4 5 |  5.9
Shields        | 4 5 |  5.8

Action                   |  1- 3 |  4- 6 |  7- 9 || total
-------------------------+-------+-------+-------++-------
Melee: War axe           |    95 |   103 |   208 ||   406
Invok: Convert to Beogh  |       |       |     1 ||     1
  Use: Scroll            |     6 |     3 |     3 ||    12
       Potion            |       |     2 |     1 ||     3
  Eat: Ration            |       |     1 |     4 ||     5
Armor: Scale mail        |    57 |    47 |       ||   104
       Plate armour      |       |    12 |   151 ||   163
Dodge: Dodged            |    37 |    37 |    53 ||   127
Block: Shield            |    62 |    59 |   149 ||   270

Table legend:
 A = Non-vault XP
 B = Vault XP
 C = Vault XP percentage of total XP
 D = Non-vault monster count
 E = Vault monster count
 F = Vault count percentage of total count
                 A         B        C        D         E       F
            +---------+---------+-------+---------+---------+-------
      Total |    1136 |     634 |  35.8 |      92 |      25 |  21.4
            +---------+---------+-------+---------+---------+-------
        D:1 |      50 |       0 |   0.0 |      21 |       0 |   0.0
        D:2 |      45 |       0 |   0.0 |      16 |       0 |   0.0
        D:3 |     105 |     554 |  84.1 |      22 |      10 |  31.2
        D:4 |     221 |       0 |   0.0 |      12 |       0 |   0.0
        D:5 |     432 |      80 |  15.6 |      17 |      15 |  46.9
        D:6 |     283 |       0 |   0.0 |       4 |       0 |   0.0
            +---------+---------+-------+---------+---------+-------
